 Dungeon Crawl Stone Soup version 0.29-a0-322-g68df515428 (webtiles) character file.

Game seed: 17704424102236349672

4937 Shard1697 the Cleaver (level 10, -8/75 HPs)
             Began as a Djinni Fighter on Apr 8, 2022.
             Was a Priest of Makhleb.
             Mangled by a komodo dragon (25 damage)
             ... on level 8 of the Dungeon.
             The game lasted 00:18:48 (9133 turns).

Shard1697 the Cleaver (Djinni Fighter)              Turns: 9133, Time: 00:18:49

Health: -8/75      AC: 11    Str: 19    XL:     10   Next: 81%
Gold:   397        EV: 14    Int: 10    God:    Makhleb [***...] SH:  6 Dex: 13

rFire   + + .      SeeInvis +   a - +5 broad axe (vamp)
rCold   x . .      Faith    .   c - +1 buckler
rNeg    . . .      Spirit   .   r - +0 acid dragon scales
rPois   ∞          Reflect  .   D - +2 helmet {SInv}
rElec   .          Harm     .   x - +0 cloak
rCorr   +          Rampage  .   (no gloves)
Will    +....                   (boots unavailable)
Stlth   +.........              (no amulet)
HPRegen 0.22/turn               y - +4 ring of evasion
MPRegen 0.00/turn               G - +4 ring of slaying

@: flying, studying Armour
A: sickness immunity, fire resistance 2, cold vulnerability 1, float, innate
caster, HP casting, extra vitality 1
a: Renounce Religion, Minor Destruction, Lesser Servant of Makhleb


You were on level 8 of the Dungeon.
You worshipped Makhleb.
Makhleb was most pleased with you.
You visited 1 branch of the dungeon, and saw 8 of its levels.
You also visited: Ossuary and Bailey.

You collected 397 gold pieces.

Inventory:

Hand Weapons
 a - a +5 vampiric broad axe (weapon)
 b - a +0 war axe of electrocution
 s - a +2 whip of electrocution
Missiles
 j - 20 boomerangs (quivered)
Armour
 c - a +1 buckler (worn)
 r - +0 acid dragon scales (worn)
 x - a +0 cloak (worn)
 D - a +2 helmet of see invisible (worn)
Jewellery
 e - an amulet of faith
 i - a ring of resist corrosion
 o - a ring of protection from cold
 y - a +4 ring of evasion (left hand)
 E - a ring of ice
 G - a +4 ring of slaying (right hand)
Wands
 m - a wand of paralysis (8)
 F - a wand of flame (17)
Scrolls
 g - 2 scrolls of noise
 k - 5 scrolls of teleportation
 n - 4 scrolls of enchant armour
 z - 2 scrolls of summoning
 A - a scroll of fear
 I - a scroll of brand weapon
 J - a scroll of magic mapping
Potions
 d - 6 potions of might
 f - 2 potions of lignification
 h - 5 potions of haste
 l - a potion of resistance
 p - a potion of cancellation
 q - 3 potions of curing
 t - 3 potions of invisibility
 u - a potion of mutation
 w - 2 potions of flight {unknown}
 B - a potion of magic {unknown}
 H - a potion of brilliance {unknown}


   Skills:
 + Level 7.2 Fighting
 * Level 8.8(9.1) Axes
 - Level 3.2(6.4) Maces & Flails
 + Level 5.2 Armour
 - Level 4.9 Shields
 - Level 6.3 Evocations


You had one spell level left.
You knew the following spells:

 Your Spells              Type           Power      Damage    Failure   Level
a - Summon Small Mammal   Summ           0%         N/A       54%         1
b - Ensorcelled Hibernat  Hex/Ice        0%         N/A       67%         2
c - Scorch                Fire           0%         2d5       67%         2
d - Stone Arrow           Conj/Erth      0%         3d7       88%         3
Your spell library was empty.

Dungeon Overview and Level Annotations

Branches:
Dungeon (8/15)             Temple (0/1) D:5            Lair (0/6) D:8
Ossuary (visited)          Bailey (visited)

Altars:
Cheibriados
Gozag
Kikubaaqudgha
Makhleb
Nemelex Xobeh
Qazlal
Ru
Vehumet
Xom
The Shining One

Shops:
D:7 :


Innate Abilities, Weirdness & Mutations

You are immune to sickness and miasma.
You are immune to poison.
Your flesh is very heat resistant. (rF++)
You are vulnerable to cold. (rC-)
You float through the air rather than walking.
You learn spells naturally, not from books.
Your magical power is your life essence.
You have superior vitality. (+4 MHP)


Message History

You slash the goblin zombie!
You destroy the goblin zombie!
Makhleb accepts your kill.
You now have 397 gold pieces (gained 8).
A komodo dragon comes into view.
The komodo dragon hisses angrily.
A komodo dragon is nearby!
The komodo dragon bites you!
You slash the komodo dragon!
The komodo dragon is moderately wounded.
The komodo dragon bites you! The komodo dragon closely misses you.
You closely miss the komodo dragon.
The komodo dragon is moderately wounded.
The komodo dragon bites you.
You closely miss the komodo dragon.
The komodo dragon is moderately wounded.
The komodo dragon bites you!!
You hit the komodo dragon.
The komodo dragon is moderately wounded.
The komodo dragon bites you.
You hit the komodo dragon.
The komodo dragon is moderately wounded.
The komodo dragon bites you!!
* * * LOW HITPOINT WARNING * * *
You feel much better.
The komodo dragon completely misses you.
You hit the komodo dragon.
You feel better.
The komodo dragon is heavily wounded.
The komodo dragon closely misses you. The komodo dragon barely misses you.
You hit the komodo dragon.
You feel better.
The komodo dragon is heavily wounded.
The komodo dragon bites you!!
* * * LOW HITPOINT WARNING * * *
You barely miss the komodo dragon.
The komodo dragon is heavily wounded.
The komodo dragon completely misses you.
You slash the komodo dragon!
You feel better.
The komodo dragon is almost dead.
The komodo dragon bites you!!
You die... .P....P.P..P #.#.....# .........P..PP #.#...#.# .F.P.P...P.... #.#####.# ....PPP...PP... #.......# ....PP.P..PP... #######.# ...P.PP. . ...P# ######## #.# #...P..
PP.

... #......#######.#
...P.#.##.##............
.P....l@.....#.#########
P..#$.###.####.# # ....
#.############## ##.#
####.....#≈≈.......
.....#...######≈_.≈.≈.≈.
##.##..!.# ≈≈.......
#........# #########
.###.#.### # # #.


You could see a komodo dragon.

Vanquished Creatures
  An orc warlord (Bailey)
  A yak (D:8)
  Eustachio (D:6)
  A steam dragon (D:7)
  Menkaure (D:4)
  An acid dragon (D:7)
  2 water moccasins (D:6)
  Duvessa (D:7)
  2 ice beasts
  5 orc warriors
  5 black bears (D:8)
  A sky beast (D:5)
  A phantom (D:7)
  2 centaurs
  2 kobold brigands
  3 bullfrogs
  3 scorpions
  Dowan (D:7)
  7 killer bees (D:7)
  2 howler monkeys (D:7)
  A gnoll shaman (D:5)
  2 hounds
  An orc priest (D:6)
  A human zombie (Ossuary)
  4 iguanas
  4 orc wizards
  4 mummies (Ossuary)
  10 adders
  7 gnolls
  2 shadow imps
  3 worms
  A dart slug (D:1)
  23 orcs
  7 ball pythons
  8 endoplasms
  8 giant cockroaches
  A gnoll zombie (Ossuary)
  13 goblins
  7 hobgoblins
  4 jackals
  2 quokkas
  5 bats
  2 frilled lizards
  3 goblin zombies
  25 kobolds
  3 kobold zombies (Ossuary)
  An orc zombie (Ossuary)
  5 rats
  4 rat zombies (D:3)
204 creatures vanquished.

Vanquished Creatures (others)
  An ufetubus (D:3)
  A hobgoblin (D:3)
  18 fungi (D:8)
  28 plants
48 creatures vanquished.

Grand Total: 252 creatures vanquished

Notes
Turn   | Place    | Note
-------+----------+-------------------------------------------
     0 | D:1      | Shard1697 the Djinni Fighter began the quest for the Orb.
     0 | D:1      | Reached XP level 1. HP: 20/20 MP: 0/0
   110 | D:1      | Reached XP level 2. HP: 13/25 MP: 0/0
   614 | D:1      | Reached XP level 3. HP: 28/30 MP: 0/0
   614 | D:1      | Learned a level 1 spell: Summon Small Mammal
  1259 | D:1      | Found a faded altar of an unknown god.
  2104 | D:2      | Reached XP level 4. HP: 26/35 MP: 0/0
  2504 | D:2      | Identified a scroll of acquirement
  2504 | D:2      | Acquired a +3 vampiric broad axe
  2583 | D:3      | Reached skill level 1 in Axes
  2669 | D:3      | Reached XP level 5. HP: 40/40 MP: 0/0
  2669 | D:3      | Learned a level 2 spell: Ensorcelled Hibernation
  2772 | D:3      | Reached skill level 2 in Axes
  2827 | D:3      | Found a stormy altar of Qazlal.
  3369 | D:4      | Reached skill level 3 in Axes
  3410 | D:4      | Reached XP level 6. HP: 29/46 MP: 0/0
  3568 | D:4      | Noticed Menkaure
  3770 | D:4      | Killed Menkaure
  3771 | D:4      | Reached skill level 4 in Axes
  3866 | D:4      | Found a shimmering altar of Xom.
  3866 | D:4      | Found a burning altar of Makhleb.
  3871 | D:4      | Found a sparkling altar of Nemelex Xobeh.
  3874 | D:4      | Became a worshipper of Makhleb the Destroyer
  3877 | D:4      | Found a faded altar of an unknown god.
  3881 | D:4      | Found a faded altar of an unknown god.
  3984 | D:4      | You are sucked into a shaft and drop 2 floors!
  3984 | D:6      | Noticed Eustachio
  4010 | D:6      | Killed Eustachio
  4011 | D:6      | Reached skill level 5 in Axes
  4011 | D:6      | Reached XP level 7. HP: 15/50 MP: 0/0
  4011 | D:6      | Learned a level 2 spell: Scorch
  4239 | D:5      | Entered Level 5 of the Dungeon
  5028 | D:5      | Reached XP level 8. HP: 52/58 MP: 0/0
  5263 | D:5      | Reached skill level 6 in Axes
  5308 | D:5      | Found an opulent altar of Gozag.
  5374 | D:5      | Found a staircase to the Ecumenical Temple.
  5680 | D:6      | Reached skill level 5 in Fighting
  6029 | D:6      | Reached * piety under Makhleb
  6033 | D:6      | Reached XP level 9. HP: 46/65 MP: 0/0
  6033 | D:6      | Learned a level 3 spell: Stone Arrow
  6143 | D:6      | Reached skill level 7 in Axes
  6420 | D:6      | Found a glowing golden altar of the Shining One.
  6679 | D:7      | Noticed Duvessa
  6679 | D:7      | Noticed Dowan
  6701 | D:7      | Killed Duvessa
  6873 | D:7      | Killed Dowan
  7033 | D:7      | Found a flagged portal.
  7195 | Bailey   | Entered a bailey
  7432 | Bailey   | Noticed an orc warlord
  7493 | Bailey   | Reached skill level 1 in Evocations
  7537 | Bailey   | Reached ** piety under Makhleb
  7648 | Bailey   | Found a runed translucent gate.
  7649 | Bailey   | Found a runed translucent gate.
  7650 | Bailey   | Found a runed translucent gate.
  7704 | Bailey   | Killed an orc warlord
  7705 | Bailey   | Reached XP level 10. HP: 42/73 MP: 0/0
  7877 | Bailey   | Acquired a manual of Armour
  7953 | D:7      | Reached skill level 8 in Axes
  8192 | D:7      | Found Kecvumoll's Book Shoppe.
  8703 | D:8      | Found a staircase to the Lair.
  8733 | D:8      | Found a snail-covered altar of Cheibriados.
  8776 | D:8      | Reached skill level 5 in Armour
  8863 | D:8      | Found a sacrificial altar of Ru.
  8885 | D:8      | Found a sand-covered staircase.
  8890 | Ossuary  | Entered an ossuary
  9039 | Ossuary  | Reached *** piety under Makhleb
  9118 | D:8      | Noticed a komodo dragon
  9133 | D:8      | Mangled by a komodo dragon

Illustrated notes

Levels and vault maps discovered:
D:1:      shiori_arrival_elements, layout_basic, ebering_ecumenical_altar_rust
D:2:      layout_loops_cross, basic_altar
D:3:      layout_loops_ring, nicolae_qazlal_scattered_showers,
          lemuel_zombie_altar_kikubaaqudgha, grunt_ministairs_14,
          guppyfry_early_lair_pool
D:4:      layout_cave_pools, chequers_temple_overflow_minitemple,
          serial_column_ruins, column_ruins_circle_small, column_ruins_grid_1,
          column_ruins_grid_1, column_ruins_open_medium, column_ruins_open_tiny,
          column_ruins_columns_straight, column_ruins_grid_2, uniq_menkaure
D:5:      layout_basic, grunt_gozag_breadcrumbs,
          minmay_temple_entry_glassed_door
D:6:      layout_gridville, tso_oasis_becter, uniq_eustachio
D:7:      layout_loops_ring, enter_bailey_6, serial_shops, shop,
          nrook_mini_vaults, eino_jars, uniq_duvessa
D:8:      layout_loops_cross, mainiacjoe_overflow_catch_the_wave,
          nicolae_ru_path_of_blood, due_lair_maze_entry_diamond, enter_ossuary_3

Skill      XL: |  1  2  3  4  5  6  7  8  9 10 |
---------------+-------------------------------+-----
Maces & Flails | 2 3 |  3.2
Axes           | 1 3 5 6 7 8 |  8.8
Fighting       | 4 5 6 7 |  7.2
Shields        | 4 |  4.9
Evocations     | 6 |  6.3
Armour         | 5 |  5.2

Action                   |  1- 3 |  4- 6 |  7- 9 | 10-12 || total
-------------------------+-------+-------+-------+-------++-------
Melee: Flail             |    96 |       |       |       ||    96
       War axe           |     2 |   130 |   270 |       ||   402
       Broad axe         |       |       |    19 |   118 ||   137
Evoke: Wand              |       |       |     3 |       ||     3
  Use: Scroll            |       |     1 |    14 |     6 ||    21
       Potion            |       |     5 |     6 |     1 ||    12
 Stab: Invisible         |       |     2 |     1 |       ||     3
       Paralysed         |       |       |    13 |       ||    13
Armor: Scale mail        |    45 |    94 |    76 |       ||   215
       Acid dragon scale |       |       |     6 |    52 ||    58
Dodge: Dodged            |    39 |    94 |   139 |   110 ||   382
Block: Buckler           |    22 |    53 |    72 |    54 ||   201

Table legend: (Time is in decaauts)
 A = Elapsed time spent in this place.
 B = Non-inter-level travel time spent in this place.
 C = Inter-level travel time spent in this place.
 D = Time resting spent in this place.
 E = Time spent auto-exploring this place.
 F = Levels seen in this place.
 G = Mean time per level.
                   A        B        C        D        E       F      G
               +--------+--------+--------+--------+--------+-----+--------+
         Total |   9280 |   9145 |    135 |   3389 |   3396 |  10 |  928.0 |
       Dungeon |   8362 |   8227 |    135 |   2968 |   3396 |   8 | 1045.2 |
       Ossuary |    218 |    218 |      0 |      0 |      0 |   1 |  218.0 |
        Bailey |    699 |    699 |      0 |    421 |      0 |   1 |  699.0 |
               +--------+--------+--------+--------+--------+-----+--------+

Top non-repeatable levels by time:
     D:6: 1538 daAuts
     D:1: 1446 daAuts
     D:2: 1142 daAuts
     D:7: 1107 daAuts
     D:5: 1042 daAuts
     D:3: 991 daAuts
     D:4: 749 daAuts
  Bailey: 699 daAuts
     D:8: 344 daAuts
 Ossuary: 218 daAuts
